Mecha, chaotic female orcish Rogue ------ ---------------- #.....| |1..F.e@joo.ooo| #|....| #r...:uYf@._ooo.| #|.....# ###-+-------H------ #------# # o #### # ### # # # # # # # -------------- ### Q --------# #############``#.............| # g |......|# ## ###|............|### # |.......##### # |............|####################### |......|####### #### #..............# ------------.--- |.......## ##--------# ###--------------# |........>.....| |......| ##.......|# # ###### |..............| |.......######|.(....|### |..............| -------- |......|##`############[#############...........|...| |.....[-# ---------------- |....<.| -------- Mecha the Pilferer Experience level: 10 Strength: 25 Dexterity: 16 Constitution: 15 Intelligence: 13 Wisdom: 14 Charisma: 8 Health: 0(76) Energy: 37(37) Def: 8 Gold: 3749 Moves: 10996 Dungeon seed: XTjQBOQeCRk2se0v Game ID: Mecha_1477815184 Your Inventory: Coins $ - 3749 gold pieces Weapons m - a +1 dart w - 3 +0 darts G - the +0 Sting (weapon in hand) H - 10 +0 daggers (in quiver) Armor a - an uncursed +0 helm of telepathy (being worn) e - an uncursed +1 leather armor (being worn) n - an uncursed +0 elven shield (being worn) q - an uncursed corroded +0 pair of gauntlets of power (being worn) z - an uncursed +0 pair of low boots (being worn) Comestibles g - 2 uncursed food rations X - an uncursed apple Scrolls i - an uncursed scroll of identify x - an uncursed scroll of food detection L - a cursed scroll of destroy armor R - 2 uncursed scrolls of fire S - an uncursed scroll of remove curse Potions O - a blessed potion of object detection Rings t - an uncursed ring of fire resistance u - an uncursed ring of warning (on left hand) y - a blessed +1 ring of protection (on right hand) Wands k - a wand of undead turning (0:7) F - a wand of sleep (0:7) P - a blessed wand of speed monster (0:3) Tools d - an uncursed lock pick f - an uncursed sack p - a +0 pick-axe v - an uncursed tin whistle A - an uncursed towel J - a magic marker (0:54) M - an uncursed oil lamp (0:1392) V - an uncursed mirror W - a +0 unicorn horn Spells and supernatural/magical abilities: Name Level Category Fail Memory B - cure blindness 2 healing 100% 46% W - pray for help -- divine ? -- Your skills at the end: Fighting Skills Weapon Skills dagger [Expert] short sword [Basic] Spellcasting Skills Final Attributes: You were piously aligned. You were poison resistant. You were telepathic. You were warned. You were aware of the presence of orcs. You had automatic searching. You had infravision. You were stealthy. You were protected. You were lucky. You are dead. Vanquished creatures: a vampire 4 ghosts a long worm an air elemental a winter wolf 3 small mimics 2 glass piercers a large dog 3 tigers a gargoyle a dwarf king a tengu a stone giant 3 wraiths a leather golem an incubus 2 wolves a scorpion an ice vortex 3 gnome kings an orc mummy a dwarf mummy a gold golem a Green-elf 4 lizards a housecat 2 dwarf lords 2 white unicorns a gray unicorn a dust vortex 2 ravens a gnome mummy 7 apes a rope golem a fire ant a quasit a wood nymph a water nymph 3 Mordor orcs 3 Uruk-hai 6 rock piercers a pony 2 yellow lights 2 shriekers a violet fungus 3 gnome lords 4 gnomish wizards 3 kobold mummies 2 gray oozes 2 elf zombies 3 ghouls 5 giant ants 3 floating eyes 4 kittens 7 dwarves a homunculus a kobold lord 3 kobold shamans 4 hill orcs 2 rothes a rabid rat 2 giant bats 7 orc zombies 4 dwarf zombies 2 wererats 7 iguanas 2 acid blobs 2 coyotes 3 gas spores 3 hobbits a large kobold 2 hobgoblins 5 giant rats 2 cave spiders a yellow mold 2 red molds 19 gnomes 3 garter snakes 3 gnome zombies 2 geckos 10 jackals 3 foxes 3 kobolds 3 goblins 4 sewer rats 7 grid bugs 2 bats 9 lichens 3 kobold zombies 6 newts 251 creatures vanquished. Voluntary challenges: You had been an atheist until turn 2466. You used a wielded weapon 296 times, starting on turn 3. You read items or engraved 7 times, starting on turn 19. You never genocided any monsters. You never polymorphed an object. You never changed form. You used no wishes. You never split a pudding. You never wrote Elbereth's name. You violated your moral code, losing 174 points of alignment, starting on turn 2182. Dungeon overview: The Dungeons of Doom: levels 1 to 12 Level 1 a fountain a long staircase Level 2 a fountain Level 3 stairs to The Gnomish Mines Level 4 an armor shop, an altar to Kos Level 5 a weapon shop Level 6 many fountains Level 7 some sinks stairs to Sokoban Level 8 a fountain Level 9 some fountains Level 10 an altar to Kos, a fountain Level 11 (stash) <- You were here an altar to Kos Level 12 The Gnomish Mines: levels 4 to 6 Level 4 stairs to The Dungeons of Doom Level 5 Level 6 many shops, a temple to Issek, some fountains Sokoban: Level 6 stairs to The Dungeons of Doom History has recorded: On T:1 you entered the Dungeons of Doom to retrieve the Amulet of Yendor! On T:460 you advanced to experience level 2. On T:772 you advanced to experience level 3. On T:838 you reached level 2 of The Dungeons of Doom. On T:1279 you reached level 3 of The Dungeons of Doom. On T:1350 you reached level 1 of The Gnomish Mines. On T:1352 you advanced to experience level 4. On T:1561 you advanced to experience level 5. On T:1845 you reached level 2 of The Gnomish Mines. On T:1884 you advanced to experience level 6. On T:2319 you reached level 3 of The Gnomish Mines. On T:2878 you advanced to experience level 7. On T:3709 you reached level 4 of The Dungeons of Doom. On T:5101 you reached level 5 of The Dungeons of Doom. On T:5469 you reached level 7 of The Dungeons of Doom. On T:5507 you reached level 4 of Sokoban. On T:5648 you reached level 6 of The Dungeons of Doom. On T:6484 you advanced to experience level 8. On T:7340 you reached level 8 of The Dungeons of Doom. On T:7791 you reached level 9 of The Dungeons of Doom. On T:7952 you advanced to experience level 9. On T:8348 you reached level 10 of The Dungeons of Doom. On T:8940 you reached level 11 of The Dungeons of Doom. On T:9913 you reached level 12 of The Dungeons of Doom. On T:10316 you advanced to experience level 10. Score breakdown: Gold: 3749 (12157 points) Experience: 10 levels (16712 points) Exploration: 12 levels ( 25.53%) (14670 points) Discoveries: 20 items ( 6.97%) ( 7919 points) Valuables value: (no points given unless you survive) Artifact value: 800 ( 9877 points) Variety of kills: 90 monsters ( 23.62%) (14580 points) Turncount: 10996 turns (-2518 points) Survival: died (score multiplied by 80%) Total score: 58717 Latest messages: The monkey hits! The monkey tries to grab your boots but gives up. The monkey just misses! The tiger hits! (2x) The tiger bites! The werewolf hits! The monkey hits! The monkey stole an uncursed +0 hooded cloak. The monkey tries to run away with your hooded cloak. The tiger hits! (2x) The tiger bites! You hit the blue jelly! The werewolf hits! The monkey hits! The monkey tries to grab your armor but gives up. The monkey bites! The tiger hits! (2x) The tiger bites! As you read the scroll, it disappears. This is an identify scroll. R - 2 uncursed scrolls of fire. The stone giant picks up a mummy wrapping. The werewolf hits! You die... Final status: Goodbye Mecha the Rogue, killed by a werewolf... You died in The Dungeons of Doom on dungeon level 11 with 58717 points, and 3749 pieces of gold, after 10996 moves. You were level 10 with a maximum of 76 hit points when you died.